 Dungeon Crawl Stone Soup version 0.18-a0-816-g97f838e (webtiles) character file.

65 gorblad the Skirmisher (level 4, -1/67 HPs)
             Began as a Naga Berserker on Dec 15, 2015.
             Was a Believer of Trog.
             Slain by Sigmund
             ... wielding a +0 scythe
              (14 damage)
             ... on level 2 of the Dungeon.
             The game lasted 00:02:40 (1710 turns).

gorblad the Skirmisher (Naga Berserker)             Turns: 1710, Time: 00:02:41

Health: -1/67      AC:  2    Str: 25    XL:     4   Next: 13%
Magic:  4/4        EV:  9    Int:  8    God:    Trog [**....]
Gold:   53         SH:  0    Dex: 10    Spells: 0 memorised, 3 levels left

rFire  . . .     SeeInvis +     a - +0 spear
rCold  . . .     Clarity  .     b - +0 animal skin
rNeg   . . .     SustAt   .     (no shield)
rPois  +         Gourm    .     (no helmet)
rElec  .         Spirit   .     (no cloak)
rCorr  .         Dismiss  .     (no gloves)
rMut   .         Stasis   .     (no barding)
MR     .....                    (no amulet)
Stlth  ..........               (no ring)
                                (no ring)

@: berserking, quick, not resistant to hostile enchantments, extremely
unstealthy
A: see invisible, deformed body, poison resistance, slowness 2, slow metabolism
1, spit poison 2, AC +1
a: Spit Poison, Berserk, Trog's Hand, Burn Spellbooks, Renounce Religion


You were on level 2 of the Dungeon.
You worshipped Trog.
Trog was pleased with you.
You were hungry.

You visited 1 branch of the dungeon, and saw 2 of its levels.

You collected 53 gold pieces.

Inventory:

Hand Weapons
 a - a +0 spear (weapon)
Armour
 b - a +0 animal skin (worn)
Comestibles
 c - a bread ration
 d - a chunk of flesh
 f - a beef jerky
 g - a royal jelly


   Skills:
 + Level 4.8 Fighting
 - Level 3.0 Polearms
 - Level 1.5 Armour
 - Level 1.5 Dodging


You had 3 spell levels left.
You didn't know any spells.

Dungeon Overview and Level Annotations

Branches:
Dungeon (2/15)

Altars:

Annotations:
D:2 Sigmund


Innate Abilities, Weirdness & Mutations

You cannot wear boots.
Your serpentine skin is tough (AC +1).
You have supernaturally acute eyesight.
Armour fits poorly on your strangely shaped body.
Your system is resistant to poisons.
You cover ground very slowly.
You have a slow metabolism.
You can spit poison.


Message History

You are too injured to fight recklessly!
You are too injured to fight recklessly!
You are too injured to fight recklessly!
You are too injured to fight recklessly!
You are too injured to fight recklessly!
You are too injured to fight recklessly!
You aren't carrying any spellbooks or scrolls.
You are too injured to fight recklessly!
You aren't carrying any potions.
Sigmund casts a spell at you. You resist with some effort.
A red film seems to cover your vision as you go berserk!
You feel yourself moving faster!
You feel mighty!
You are feeling hungry.
Sigmund gestures at you while chanting. The puff of flame hits you!
* * * LOW HITPOINT WARNING * * *
You feel a strong urge to attack something.
Sigmund hits you with a scythe!
You die...

###############
..!....>.....#.
###.............#.
#.................
#.......(...###...
#........... #.#.
#...........###.#.
#@######.. ...#.#.
#@# ##### ###'#(##
#.# #... #......)
#.###.###.#.....##
#.........#.......
#####.######....##
#.............
########....#.
######.


You could see Sigmund (invisible).

Vanquished Creatures
  Natasha (D:2)
  An adder (D:2)
  A worm (D:1)
  A giant cockroach (D:1)
  4 goblins (D:1)
  4 hobgoblins
  3 bats (D:1)
  3 giant newts (D:1)
  4 kobolds (D:1)
  5 rats (D:1)
27 creatures vanquished.

Notes
Turn   | Place    | Note
--------------------------------------------------------------
     0 | D:1      | gorblad the Naga Berserker began the quest for the Orb.
     0 | D:1      | Reached XP level 1. HP: 21/21 MP: 1/1
   328 | D:1      | Reached XP level 2. HP: 25/28 MP: 2/2
   839 | D:1      | Reached skill level 4 in Fighting
   849 | D:1      | Reached ** piety under Trog
   923 | D:1      | Reached XP level 3. HP: 2/36 MP: 3/3
  1209 | D:2      | Noticed Natasha
  1220 | D:2      | Killed Natasha
  1513 | D:2      | Reached XP level 4. HP: 20/45 MP: 4/4
  1694 | D:2      | Noticed Sigmund
  1710 | D:2      | Slain by Sigmund

Vault maps used:
D:1:      onia_arrival_pyramid
D:2:      uniq_natasha, uniq_sigmund

Action                   |  1- 3 |  4- 6 || total
-------------------------+-------+-------++-------
Melee: Spear             |   108 |     9 ||   117
Invok: Berserk           |       |     1 ||     1
 Stab: Sleeping          |     2 |       ||     2
  Eat: Chunk             |     1 |       ||     1
